Map: Thunderbird LE

Players

Hjax

  • Race: Protoss Protoss
  • Spawn Location: 11:00

Creature - Winner!

  • Race: Protoss Protoss
  • Spawn Location: 5:00

VOD

Have the link to the VOD?

Description

Time

  • Played on: Sept. 6, 2019, 3:20 p.m.
  • Length: 9:12
Show
View Real Time Build Order
Export as new Build Order

Hjax Protoss 

Build Orders: Blink Stalkers 

Get SALT Encoding   

  12  0:00  Probe  
  13  0:12  Probe  
  14  0:17  Pylon  
  14  0:23  Probe  
  15  0:31  Probe  
  15  0:37  Gateway  
  15  0:39  Probe  
  16  0:48  Assimilator  
  17  0:51  Probe  
  17  0:55  Assimilator  
  18  1:00  Probe  
  19  1:08  Gateway, Probe  
  19  1:17  Probe  
  20  1:24  Cybernetics Core  
  21  1:29  Probe  
  22  1:36  Pylon  
  22  1:42  Probe  
  23  1:54  Warp Gate, Probe  
  26  2:01  Sentry  
  26  2:02  Stalker  
  26  2:06  Probe  
  29  2:13  Pylon  
  29  2:18  Probe  
  30  2:31  Stalker  
  30  2:32  Pylon, Stalker  
  34  2:57  Nexus  
  34  3:04  Shield Battery  
  34  3:12  Probe  
  34  3:16  Twilight Council  
  34  3:24  Probe  
  35  3:29  Blink  
  35  3:36  Probe  
  36  3:42  Pylon  
  36  3:44  Stalker  
  36  3:47  Pylon  
  38  3:58  Pylon  
  38  4:07  Stalker x2  
  40  4:17  Pylon  
  40  4:25  Probe  
  40  4:28  Gateway  
  40  4:29  Pylon  
  41  4:37  Stalker  
  41  4:38  Stalker  
  45  4:45  Probe x2  
  45  4:57  Probe x2  
  45  4:58  Forge  
  47  5:07  Stalker x2  
  47  5:09  Probe  
  47  5:11  Protoss Ground Weapons Level 1  
  52  5:14  Probe  
  53  5:21  Probe  
  53  5:23  Pylon  
  53  5:26  Probe  
  55  5:29  Robotics Facility  
  55  5:33  Probe  
  56  5:38  Probe  
  56  5:41  Assimilator  
  57  5:45  Probe  
  58  5:50  Probe  
  58  5:53  Stalker x2  
  63  5:58  Pylon, Probe  
  64  6:07  Probe  
  64  6:09  Assimilator  
  65  6:12  Probe  
  65  6:13  Photon Cannon, Shield Battery  
  66  6:19  Probe  
  66  6:20  Robotics Bay  
  66  6:25  Probe  
  68  6:30  Pylon  
  68  6:39  Probe, Robotics Facility  
  69  6:42  Shield Battery  
  69  6:46  Observer  
  70  7:01  Probe  
  71  7:04  Disruptor  
  74  7:10  Probe  
  74  7:11  Stalker x2  
  74  7:14  Probe  
  80  7:25  Disruptor  
  83  7:31  Nexus  
  83  7:49  Stalker x3  
  77  7:53  Probe  
  77  7:55  Disruptor  
  81  8:09  Disruptor  
  84  8:27  Stalker  
  84  8:32  Pylon  
  92  8:52  Stalker x3  
  92  8:53  Probe  
Show
View Real Time Build Order
Export as new Build Order

Creature Protoss - Winner!

Build Orders: Oracle Opening, Zealot Archon 

Get SALT Encoding   

  12  0:01  Probe  
  13  0:13  Probe  
  14  0:17  Pylon  
  14  0:25  Probe  
  15  0:33  Probe  
  15  0:37  Gateway  
  15  0:41  Probe  
  16  0:46  Assimilator  
  17  0:51  Probe  
  17  0:55  Assimilator  
  18  1:00  Probe  
  19  1:08  Gateway, Probe  
  19  1:18  Probe  
  20  1:25  Cybernetics Core  
  21  1:30  Probe  
  22  1:34  Pylon  
  22  1:42  Probe  
  23  1:54  Probe  
  24  2:01  Adept  
  24  2:02  Warp Gate, Adept  
  28  2:14  Pylon  
  28  2:25  Stargate  
  28  2:27  Pylon  
  28  2:31  Adept  
  28  2:34  Adept  
  32  2:41  Probe  
  33  3:03  Oracle  
  33  3:06  Adept x2  
  37  3:15  Pylon  
  39  3:27  Nexus  
  39  3:32  Oracle  
  42  3:45  Probe  
  43  3:57  Probe  
  43  3:58  Robotics Facility  
  42  4:13  Probe  
  42  4:16  Forge  
  41  4:25  Probe  
  41  4:28  Sentry, Stalker  
  46  4:35  Probe  
  45  4:41  Probe  
  45  4:43  Probe  
  46  4:49  Immortal  
  46  4:52  Probe  
  48  4:55  Probe, Protoss Ground Weapons Level 1  
  50  5:04  Probe  
  52  5:07  Probe  
  52  5:16  Twilight Council  
  52  5:17  Probe  
  52  5:18  Probe  
  54  5:26  Probe  
  54  5:29  Probe  
  54  5:31  Observer  
  54  5:32  Assimilator  
  54  5:33  Assimilator  
  54  5:34  Pylon, Probe  
  57  5:41  Probe  
  59  5:43  Immortal  
  59  5:45  Pylon, Probe  
  60  5:53  Probe  
  65  5:57  Probe  
  65  5:58  Charge  
  66  6:05  Probe  
  65  6:12  Gateway  
  65  6:14  Gateway  
  65  6:20  Immortal  
  65  6:23  Gateway  
  65  6:26  Gateway  
  65  6:30  Templar Archives  
  69  6:47  Nexus  
  69  6:49  Pylon  
  69  6:59  Gateway  
  69  7:05  Gateway, Probe  
  70  7:15  Warp Prism  
  70  7:17  High Templar  
  70  7:18  Zealot x2, High Templar  
  80  7:24  Archon  
  80  7:25  Pylon  
  80  7:26  Pylon  
  80  7:31  Pylon  
  80  7:35  Sentry  
  80  7:36  Sentry  
  84  7:51  Probe  
  85  7:57  Probe  
  86  7:59  Zealot x4  
  86  8:00  Zealot x3  
  100  8:06  Zealot  
  100  8:08  Probe  
  100  8:09  Probe  
  100  8:12  Photon Cannon  
  105  8:13  Observer  
  105  8:16  Probe  
  104  8:33  Warp Prism  
  104  8:34  High Templar x3  
  112  8:35  Zealot x3, High Templar  
  112  8:41  Archon x2  
  120  8:46  Zealot  
  120  8:48  Probe  
  104  9:04  Zealot x3  
Tags
 
Add a new tag
Caveats
  • Supply blocks, unpowered buildings, or Contaminate may cause inaccurate times.
  • Supply counts are checked every 10 seconds.